 Dungeon Crawl Stone Soup version 0.23-a0-87-g5f73bc1 (webtiles) character file.

842 digijack the Covert (level 7, -1/39 HPs)
             Began as a Spriggan Assassin on Aug 14, 2018.
             Slain by a sky beast (6 damage)
             ... on level 6 of the Dungeon.
             The game lasted 00:35:03 (6218 turns).

digijack the Covert (Spriggan Assassin)             Turns: 6218, Time: 00:35:04

Health: -1/39      AC:  5    Str:  7    XL:     7   Next: 67%
Magic:  8/8        EV: 22    Int: 12    God:
Gold:   213        SH:  0    Dex: 20    Spells: 6/6 levels left

rFire    + . .     SeeInvis +   f - +0 dagger (elec)
rCold    . . .     Gourm    .   (shield restricted)
rNeg     . . .     Faith    .   c - +0 robe
rPois    .         Spirit   .   (helmet restricted)
rElec    .         Reflect  .   d - +2 cloak
rCorr    .         Harm     .   (gloves unavailable)
MR       ++...                  (boots unavailable)
Stlth    +++++.....             (no amulet)
HPRegen  0.13/turn              (no ring)
MPRegen  0.11/turn              (no ring)

@: very quick
A: very small, unfitting armour, see invisible, fire resistance 1, herbivore,
speed 3, magic resistance 1, robust 1, slow metabolism 2, evolution 1
a: no special abilities


You were on level 6 of the Dungeon.
You were very hungry.

You visited 2 branches of the dungeon, and saw 7 of its levels.

You collected 213 gold pieces.

Inventory:

Hand Weapons
 a - a +5 dagger
 f - a +0 dagger of electrocution (weapon)
Missiles
 i - 85 stones (quivered)
Armour
 c - a +0 robe (worn)
 d - a +2 cloak (worn)
Scrolls
 b - 5 scrolls of identify
 e - 3 scrolls of remove curse
 l - 3 scrolls of teleportation
 m - a scroll of amnesia
Potions
 k - a potion of cancellation
Comestibles
 g - 11 rations


   Skills:
 + Level 3.5 Fighting
 + Level 4.8 Short Blades
 - Level 2.0 Throwing
 + Level 6.2 Dodging
 * Level 9.8 Stealth


You had 6 spell levels left.
You didn't know any spells.
Your spell library contained the following spells:

 Spells                   Type           Power        Failure   Level  Hunger
 Confuse                  Hex            #.......     69%         3    ####...
 Confusing Touch          Hex            #.....       32%         1    ##.....
 Metabolic Englaciation   Hex/Ice        #.........   100%        5    ######.
 Petrify                  Tmut/Erth      #.......     97%         4    #####..
 Gell's Gravitas          Tloc           #.........   69%         3    ####...
 Yara's Violent Unravell  Hex/Tmut       #.........   100%        5    ######.


Dungeon Overview and Level Annotations

Branches:
Dungeon (6/15)             Temple (1/1) D:4

Altars:
Ashenzari
Cheibriados
Dithmenos
Elyvilon
Gozag
Hepliaklqana
Kikubaaqudgha
Makhleb
Okawaru
Qazlal
Sif Muna
Trog
Uskayaw
Vehumet
Xom
Yredelemnul


Innate Abilities, Weirdness & Mutations

You are very small and have problems with some larger weapons.
You are too small for most types of armour.
You have supernaturally acute eyesight. (SInv)
You are a herbivore.
You cover ground extremely quickly.
You need to consume almost no food.
Your flesh is heat resistant. (rF+)
You are resistant to hostile enchantments. (MR+)
You are robust. (+10% HP)
You evolve.


Message History

The sky beast is moderately wounded.
You hit the sky beast but do no damage.
The sky beast is moderately wounded.
The sky beast closely misses you.
You barely miss the sky beast.
The sky beast is moderately wounded.
The sky beast misses you.
You hit the sky beast.
The sky beast is moderately wounded.
The sky beast completely misses you.
You closely miss the sky beast.
The sky beast is moderately wounded.
The sky beast hits you. The sky beast shocks you.
* * * LOW HITPOINT WARNING * * *
You hit the sky beast but do no damage.
The sky beast is moderately wounded.
The sky beast hits you.
* * * LOW HITPOINT WARNING * * *
The sky beast shocks you.
You die...

#.. ##.. ##### #..
#...#
###.##########...#
.................#
....####.....#.Y@#
#................#
....#########.####
##.## #.# ##.###
#.# .....# #.#
.....# ##.# .....#
#..#
.....#######.##


You could see a sky beast.

Vanquished Creatures
  Sigmund (D:5)
  An ogre (D:4)
  A howler monkey (D:5)
  3 hounds
  2 orc priests
  A bullfrog skeleton (D:5)
  An iguana (D:4)
  3 orc wizards
  Terence (D:3)
  4 worker ants
  A hound skeleton (D:5)
  A worker ant zombie (D:5)
  An adder (D:2)
  A shadow imp (D:6)
  An ooze (D:1)
  6 worms
  A dart slug (D:2)
  2 leopard geckos
  16 orcs
  3 giant cockroaches
  2 goblins (D:3)
  9 hobgoblins
  3 jackals
  8 kobolds
  4 quokkas
  A ball python (D:5)
  8 bats
  6 frilled lizards
  A jackal zombie (D:5)
  A quokka zombie (D:5)
  10 rats
104 creatures vanquished.

Notes
Turn   | Place    | Note
-------+----------+-------------------------------------------
     0 | D:1      | digijack the Spriggan Assassin began the quest for the Orb.
     0 | D:1      | Reached XP level 1. HP: 10/10 MP: 2/2
    64 | D:1      | Reached skill level 6 in Stealth
   281 | D:1      | Reached XP level 2. HP: 15/15 MP: 3/3
  1417 | D:2      | Reached XP level 3. HP: 18/18 MP: 4/4
  1782 | D:2      | Gained mutation: You are robust. (+10% HP) [potion of mutation]
  1782 | D:2      | Gained mutation: You are resistant to hostile enchantments. (MR+) [potion of mutation]
  1782 | D:2      | Gained mutation: You evolve. [potion of mutation]
  2117 | D:3      | Found a faded altar of an unknown god.
  2209 | D:3      | Noticed Terence
  2215 | D:3      | Killed Terence
  2215 | D:3      | Reached skill level 7 in Stealth
  2215 | D:3      | Reached XP level 4. HP: 25/25 MP: 5/5
  2570 | D:3      | Reached XP level 5. HP: 29/29 MP: 6/6
  2925 | D:4      | Gained mutation: Your flesh is heat resistant. (rF+) [evolution]
  3506 | D:4      | Reached skill level 8 in Stealth
  3536 | D:4      | Found a staircase to the Ecumenical Temple.
  3546 | Temple   | Entered the Ecumenical Temple
  3956 | D:4      | Reached XP level 6. HP: 35/35 MP: 7/7
  4571 | D:5      | Entered Level 5 of the Dungeon
  4986 | D:5      | Noticed Sigmund
  5079 | D:5      | Reached skill level 9 in Stealth
  5319 | D:5      | Reached XP level 7. HP: 39/39 MP: 8/8
  5405 | D:5      | Reached skill level 5 in Dodging
  5526 | D:5      | Noticed a moth of wrath
  5528 | D:5      | Found a bloodstained altar of Trog.
  5637 | D:5      | Killed Sigmund
  6218 | D:6      | Slain by a sky beast

Vault maps used:
D:1:      grunt_arrival_crossed_arrows, minmay_small_reverse_x
D:2:      first_ration
D:3:      chequers_ecumenical_altar_simple_redux, uniq_terence
D:4:      kennysheep_spiral_hall, minmay_temple_entry_statues_pillars
D:5:      tgw_trog, uniq_sigmund
Temple:   regret_index_temple_waves

Skill      XL: |  1  2  3  4  5  6  7 |
---------------+----------------------+-----
Dodging        | 2 3 4 6 |  6.2
Stealth        | 6 7 8 9 |  9.8
Fighting       | 2 3 |  3.5
Short Blades   | 3 4 |  4.8
Throwing       | |  2.0

Action                   |  1- 3 |  4- 6 |  7- 9 || total
-------------------------+-------+-------+-------++-------
Melee: Dagger            |   133 |   228 |   180 ||   541
  Use: Potion            |     8 |     7 |       ||    15
       Scroll            |     6 |     6 |     3 ||    15
 Stab: Sleeping          |    15 |    12 |     3 ||    30
       Distracted        |     1 |     2 |       ||     3
       Invisible         |     2 |     3 |       ||     5
  Eat: Ration            |       |     1 |       ||     1
Armor: Robe              |    14 |    11 |    16 ||    41
Dodge: Dodged            |    96 |   151 |    91 ||   338

Table legend:
 A = Non-vault XP
 B = Vault XP
 C = Vault XP percentage of total XP
 D = Non-vault monster count
 E = Vault monster count
 F = Vault count percentage of total count
 G = Total turns spent on level
                 A         B        C        D         E       F
            +---------+---------+-------+---------+---------+-------
      Total |     899 |     305 |  25.3 |      90 |      14 |  13.5
            +---------+---------+-------+---------+---------+-------
        D:1 |      28 |       7 |  20.0 |      14 |       4 |  22.2
        D:2 |      50 |       0 |   0.0 |      18 |       0 |   0.0
        D:3 |      84 |      36 |  30.0 |      21 |       1 |   4.5
        D:4 |     318 |      37 |  10.4 |      11 |       3 |  21.4
        D:5 |     324 |     225 |  41.0 |      20 |       6 |  23.1
        D:6 |      95 |       0 |   0.0 |       6 |       0 |   0.0
            +---------+---------+-------+---------+---------+-------
